[Event "17th Aeroflot Open-A 2019"]
[Site "Moscow"]
[Date "2019.02.20"]
[Round "1.2"]
[White "Fedoseev, Vladimir"]
[Black "Petrosyan, Manuel"]
[Result "1-0"]
[ECO "A45"]
[WhiteElo "2715"]
[BlackElo "2564"]
[Annotator "RC"]
[PlyCount "101"]
[EventDate "2019.02.19"]
[EventCountry "RUS"]
[SourceTitle "playchess.com"]
[Source "ChessBase"]
[SourceQuality "1"]
[TimeControl "40/5400+30:1800+30"]

1. d4 Nf6 2. Bg5 e6 3. Nd2 h6 4. Bh4 c5 5. e3 Nc6 6. c3 b6 7. Ngf3 Be7 8. Bd3 Bb7 9. a3 O-O 10. O-O d5 11. Qe2 Ne4 12. Bxe7 Nxe7 13. Rad1 Qc7 14. Bb1 a5 15. Ne5 Ba6 16. Nd3 Ng6 17. Qg4 Nf6 18. Qh3 cxd4 19. cxd4 e5 20. dxe5 Nxe5 21. Nf3 Bxd3 22. Bxd3 Nxf3+ 23. Qxf3 Qe5 24. Rd2 Ne4 25. Rc2 Rac8 26. Rfc1 Rxc2 27. Rxc2 Rd8 28. Qd1 Nc5 29. Bf1 g6 30. g3 Kg7 31. Rd2 Ne4 32. Rd4 Qf5 33. f3 Ng5 34. f4 Ne6 35. e4 Qf6 36. e5 Qe7 37. Rxd5 Qc7 38. Rxd8 Nxd8 39. Qd5 Ne6 40. Bc4 a4 41. Kf2 h5 42. Kg2 Qc8 43. Kf2 Qc7 44. Ke1 b5 45. Qxb5 Qa7 46. Bxe6 fxe6 47. Kf1 Qe3 48. Qd7+ Kh6 49. Qxe6 Qf3+ 50. Kg1 h4 51. Qf6 1-0

[Event "17th Aeroflot Open-A 2019"]
[Site "Moscow"]
[Date "2019.02.20"]
[Round "1.3"]
[White "Fier, Alexandr"]
[Black "Wang, Hao"]
[Result "1/2-1/2"]
[ECO "B18"]
[WhiteElo "2561"]
[BlackElo "2714"]
[Annotator "RC"]
[PlyCount "111"]
[EventDate "2019.02.19"]
[EventCountry "RUS"]
[SourceTitle "playchess.com"]
[Source "ChessBase"]
[SourceQuality "1"]
[TimeControl "40/5400+30:1800+30"]

1. e4 c6 2. d4 d5 3. Nc3 dxe4 4. Nxe4 Bf5 5. Ng3 Bg6 6. h4 h6 7. Nf3 e6 8. Ne5 Bh7 9. Bd3 Bxd3 10. Qxd3 Nd7 11. Bf4 Nxe5 12. Bxe5 Qa5+ 13. c3 Nf6 14. O-O Ng4 15. Rfe1 O-O-O 16. Qf3 Nxe5 17. dxe5 Qc7 18. Rad1 Rd5 19. c4 Rxd1 20. Rxd1 Qxe5 21. Qxf7 Bd6 22. Qg6 Rd8 23. Ne4 Be7 24. Rxd8+ Kxd8 25. g3 Qxb2 26. Qxe6 Qxa2 27. Kg2 Qb2 28. c5 Qd4 29. Qg8+ Kd7 30. f3 a5 31. Qb8 Qb2+ 32. Kh3 Qb3 33. Nd6 Qe6+ 34. g4 Bxd6 35. cxd6 Qxd6 36. Qxb7+ Qc7 37. Qa8 Qe5 38. h5 Qc3 39. Kg2 Qe5 40. Qa7+ Ke6 41. Qa8 Qb2+ 42. Kg3 Qc3 43. Kg2 Kd5 44. Qg8+ Kc5 45. Qf8+ Kc4 46. Qf7+ Kd3 47. Qf5+ Ke2 48. Qe4+ Kd2 49. f4 c5 50. g5 c4 51. gxh6 gxh6 52. f5 Qg7+ 53. Kf3 c3 54. Qe2+ Kc1 55. Qf1+ Kb2 56. Qb5+ 1/2-1/2

[Event "17th Aeroflot Open-A 2019"]
[Site "Moscow"]
[Date "2019.02.20"]
[Round "1.4"]
[White "Dubov, Daniil"]
[Black "Abdusattorov, Nodirbek"]
[Result "1/2-1/2"]
[ECO "A46"]
[WhiteElo "2703"]
[BlackElo "2560"]
[Annotator "RC"]
[PlyCount "76"]
[EventDate "2019.02.19"]
[EventCountry "RUS"]
[SourceTitle "playchess.com"]
[Source "ChessBase"]
[SourceQuality "1"]
[TimeControl "40/5400+30:1800+30"]

1. d4 Nf6 2. Nf3 e6 3. Bg5 d5 4. c4 Be7 5. Nc3 h6 6. Bf4 O-O 7. e3 c5 8. dxc5 Bxc5 9. a3 Nc6 10. Qc2 Qa5 11. Ra2 Ne4 12. Bd3 Nxc3 13. bxc3 d4 14. exd4 Nxd4 15. Nxd4 Bxd4 16. O-O Be5 17. Be3 Qc7 18. f4 Bd6 19. Qf2 b6 20. Bd4 Bc5 21. Re2 Rd8 22. Re5 Ba6 23. Rfe1 Bxd4 24. cxd4 Qd6 25. c5 bxc5 26. Be4 Rac8 27. dxc5 Qd4 28. Qxd4 Rxd4 29. f5 Bd3 30. Bb7 Rc7 31. fxe6 fxe6 32. Bf3 Bc4 33. Rc1 Kf7 34. Kf2 Kf6 35. Re4 Rxe4 36. Bxe4 Ba2 37. Ke3 Ke5 38. g3 Bd5 1/2-1/2

[Event "17th Aeroflot Open-A 2019"]
[Site "Moscow"]
[Date "2019.02.20"]
[Round "1.5"]
[White "Karthikeyan, Murali"]
[Black "Kovalev, Vladislav"]
[Result "1/2-1/2"]
[ECO "C77"]
[WhiteElo "2560"]
[BlackElo "2703"]
[Annotator "RC"]
[PlyCount "35"]
[EventDate "2019.02.19"]
[EventCountry "RUS"]
[SourceTitle "playchess.com"]
[Source "ChessBase"]
[SourceQuality "1"]
[TimeControl "40/5400+30:1800+30"]

1. e4 e5 2. Nf3 Nc6 3. Bb5 a6 4. Ba4 Nf6 5. d3 b5 6. Bb3 Bc5 7. c3 d6 8. Bg5 h6 9. Bh4 Bd7 10. Nbd2 Bb6 11. Nf1 g5 12. Bg3 Ne7 13. Ne3 Ng6 14. O-O Nh7 15. Nd2 Nf6 16. Nf3 Nh7 17. Nd2 Nf6 18. Nf3 1/2-1/2

[Event "17th Aeroflot Open-A 2019"]
[Site "Moscow"]
[Date "2019.02.20"]
[Round "1.7"]
[White "Lalith Babu M R"]
[Black "Inarkiev, Ernesto"]
[Result "0-1"]
[ECO "D02"]
[WhiteElo "2556"]
[BlackElo "2692"]
[Annotator "RC"]
[PlyCount "84"]
[EventDate "2019.02.19"]
[EventCountry "RUS"]
[SourceTitle "playchess.com"]
[Source "ChessBase"]
[SourceQuality "1"]
[TimeControl "40/5400+30:1800+30"]

1. Nf3 d5 2. d4 Nf6 3. c4 e6 4. g3 Bb4+ 5. Bd2 Be7 6. Bg2 O-O 7. O-O c6 8. Qc2 Nbd7 9. Rd1 b6 10. b3 Ba6 11. Bf4 Rc8 12. Nc3 dxc4 13. bxc4 Bxc4 14. Nd2 Ba6 15. Qa4 Bb7 16. Qxa7 Ba8 17. e4 Bb4 18. Rac1 Nh5 19. a3 Bxc3 20. Rxc3 Nxf4 21. gxf4 Rc7 22. Qa4 Qh4 23. Rf3 c5 24. f5 exf5 25. Rxf5 cxd4 26. Qxd4 Nc5 27. Nf3 Qxe4 28. Re5 Qc2 29. Ne1 Qg6 30. Qd6 Rcc8 31. Qxg6 fxg6 32. Re7 Rf6 33. Bxa8 Rxa8 34. Nc2 h6 35. Rd2 g5 36. Rde2 Ra4 37. h3 Kh7 38. R2e3 Raf4 39. Re2 Nd3 40. R7e6 Rxf2 41. Rxf2 Rxe6 42. Rd2 Nf4 0-1

[Event "17th Aeroflot Open-A 2019"]
[Site "Moscow"]
[Date "2019.02.20"]
[Round "1.9"]
[White "Tsydypov, Zhamsaran"]
[Black "Korobov, Anton"]
[Result "1/2-1/2"]
[ECO "C84"]
[WhiteElo "2547"]
[BlackElo "2687"]
[Annotator "RC"]
[PlyCount "161"]
[EventDate "2019.02.19"]
[EventCountry "RUS"]
[SourceTitle "playchess.com"]
[Source "ChessBase"]
[SourceQuality "1"]
[TimeControl "40/5400+30:1800+30"]

1. e4 e5 2. Nf3 Nc6 3. Bb5 a6 4. Ba4 Nf6 5. O-O Be7 6. d3 d6 7. c3 O-O 8. Nbd2 b5 9. Bc2 Bb7 10. Re1 Nb8 11. Nf1 Nbd7 12. Ng3 Re8 13. Bb3 Nc5 14. Bc2 Bf8 15. b4 Ncd7 16. Bb3 g6 17. Ng5 Re7 18. f4 exf4 19. Bxf4 Bg7 20. a4 h6 21. Nf3 Ne5 22. Qd2 Kh7 23. Rf1 Nxf3+ 24. gxf3 c5 25. d4 cxb4 26. cxb4 bxa4 27. Bxa4 Rc8 28. Be3 Nd7 29. Rfc1 Nb6 30. Bb3 d5 31. Qd3 dxe4 32. fxe4 h5 33. Rxc8 Qxc8 34. Rf1 h4 35. d5 Nd7 36. Bg5 Ne5 37. Qe2 Rd7 38. Bxh4 Qc3 39. Ba4 Rxd5 40. exd5 Qd4+ 41. Rf2 Bxd5 42. Be7 Nf3+ 43. Kh1 Ng5+ 44. Rg2 Nh3 45. Bc5 Qa1+ 46. Qd1 Nf4 47. Qxa1 Bxa1 48. Kg1 Nxg2 49. b5 axb5 50. Bxb5 Nh4 51. Kf2 f5 52. Bd3 Bf6 53. Be3 Kg7 54. Bf1 Kf7 55. Ne2 g5 56. Bd4 Be7 57. Nc3 Be6 58. Ne2 Bd6 59. Ng3 g4 60. Be2 Kg6 61. Bb6 f4 62. Bd3+ Kh6 63. Ne2 Kh5 64. Be4 Bd7 65. Bd5 Nf5 66. Nd4 Ng7 67. Be4 Be5 68. Nc6 Bf6 69. Bd4 Bh4+ 70. Kg1 Ne6 71. Bf2 Ng5 72. Bxh4 Nxe4 73. Ne5 Kxh4 74. Nxd7 Kh3 75. Ne5 f3 76. Kf1 f2 77. Nf3 g3 78. hxg3 Kxg3 79. Ke2 Nd6 80. Ne1 Nb7 81. Nd3 1/2-1/2

[Event "17th Aeroflot Open-A 2019"]
[Site "Moscow"]
[Date "2019.02.20"]
[Round "1.10"]
[White "Safarli, Eltaj"]
[Black "Hakobyan, Aram"]
[Result "1-0"]
[ECO "B23"]
[WhiteElo "2681"]
[BlackElo "2545"]
[Annotator "RC"]
[PlyCount "57"]
[EventDate "2019.02.19"]
[EventCountry "RUS"]
[SourceTitle "playchess.com"]
[Source "ChessBase"]
[SourceQuality "1"]
[TimeControl "40/5400+30:1800+30"]

1. e4 c5 2. Nc3 d6 3. Bb5+ Bd7 4. Bxd7+ Qxd7 5. d4 cxd4 6. Qxd4 Nc6 7. Qd3 Nf6 8. Bg5 e6 9. Bxf6 gxf6 10. O-O-O a6 11. f4 O-O-O 12. Nge2 Kb8 13. Qh3 h5 14. Rhf1 b5 15. Kb1 Na5 16. a3 Bh6 17. f5 Bg5 18. Nd4 Rhe8 19. Qxh5 Nc4 20. Rf2 Rh8 21. Qe2 Rxh2 22. a4 Ne3 23. Re1 b4 24. Qxa6 bxc3 25. Qb6+ Kc8 26. Nb5 Rxg2 27. Rxg2 Nxg2 28. Re2 Nf4 29. Rh2 1-0

[Event "17th Aeroflot Open-A 2019"]
[Site "Moscow"]
[Date "2019.02.19"]
[Round "1.10"]
[White "Safarli, Eltaj"]
[Black "Hakobyan, Aram"]
[Result "*"]
[WhiteElo "2681"]
[BlackElo "2545"]
[Annotator "ChessBase"]
[PlyCount "28"]
[EventDate "2019.02.19"]
[EventCountry "RUS"]
[SourceTitle "playchess.com"]
[Source "ChessBase"]
[SourceQuality "1"]
[TimeControl "40/5400+30:1800+30"]

1. e4 e6 2. d4 d5 3. Nd2 c5 4. Ngf3 cxd4 5. Nxd4 Nc6 6. Bb5 Bd7 7. Nxc6 Bxc6 8. Bxc6+ bxc6 9. c4 Nf6 10. Qa4 Qd7 11. e5 Ng8 12. O-O Ne7 13. Nf3 c5 14. Qc2 d4 *

[Event "17th Aeroflot Open-A 2019"]
[Site "Moscow"]
[Date "2019.02.20"]
[Round "1.13"]
[White "Aryan Chopra"]
[Black "Sjugirov, Sanan"]
[Result "1/2-1/2"]
[ECO "B12"]
[WhiteElo "2540"]
[BlackElo "2663"]
[Annotator "RC"]
[PlyCount "79"]
[EventDate "2019.02.19"]
[EventCountry "RUS"]
[SourceTitle "playchess.com"]
[Source "ChessBase"]
[SourceQuality "1"]
[TimeControl "40/5400+30:1800+30"]

1. e4 c6 2. d4 d5 3. e5 Bf5 4. h4 h5 5. Bd3 Bxd3 6. Qxd3 Qa5+ 7. Nd2 e6 8. Ngf3 Ne7 9. O-O Nf5 10. Nb3 Qa6 11. Qd1 c5 12. dxc5 Nd7 13. c3 Bxc5 14. Bg5 Qa4 15. Rc1 Rc8 16. Nbd4 Qxd1 17. Rfxd1 Bxd4 18. Nxd4 g6 19. c4 dxc4 20. Nb5 a6 21. Nd6+ Nxd6 22. Rxd6 Nb8 23. Rxc4 O-O 24. Rb4 b5 25. a4 Rc5 26. axb5 axb5 27. Rb6 Rxe5 28. R4xb5 Re1+ 29. Kh2 Nd7 30. Rb7 Ne5 31. f3 Re2 32. Kg3 f6 33. Bh6 Rf7 34. b4 Rxb7 35. Rxb7 Nf7 36. Rb8+ Kh7 37. Rb7 Kxh6 38. Rxf7 f5 39. b5 Rb2 40. Re7 1/2-1/2

[Event "17th Aeroflot Open-A 2019"]
[Site "Moscow"]
[Date "2019.02.20"]
[Round "1.14"]
[White "Sethuraman, S.P."]
[Black "Ghaem Maghami, Ehsan"]
[Result "1/2-1/2"]
[ECO "B48"]
[WhiteElo "2651"]
[BlackElo "2540"]
[Annotator "RC"]
[PlyCount "116"]
[EventDate "2019.02.19"]
[EventCountry "RUS"]
[SourceTitle "playchess.com"]
[Source "ChessBase"]
[SourceQuality "1"]
[TimeControl "40/5400+30:1800+30"]

1. e4 c5 2. Nf3 e6 3. d4 cxd4 4. Nxd4 Nc6 5. Nc3 Qc7 6. Be3 a6 7. a3 b5 8. Nxc6 Qxc6 9. Be2 Bb7 10. Qd2 Rc8 11. f3 Nf6 12. Bd4 Qc7 13. Qg5 h6 14. Qg3 Qxg3+ 15. hxg3 Bc5 16. O-O-O Ke7 17. Kb1 Rhd8 18. a4 b4 19. Bxc5+ Rxc5 20. Na2 a5 21. Nc1 Rc7 22. Bb5 d5 23. e5 Nd7 24. Nb3 Nxe5 25. Nxa5 Rb8 26. Rh4 Bc6 27. Rxb4 Bxb5 28. axb5 Rc5 29. c3 Rbxb5 30. Rxb5 Rxb5 31. b4 Rb6 32. Kc2 Ra6 33. Kb3 h5 34. Ka4 Ra8 35. Kb3 Ra6 36. Rd2 Ra8 37. f4 Nd7 38. c4 dxc4+ 39. Nxc4 Rb8 40. Na5 Rb6 41. Rc2 e5 42. f5 e4 43. Nc4 Rb5 44. Ne3 Re5 45. Rc7 Kd8 46. Ra7 g6 47. Kc4 gxf5 48. b5 Kc8 49. Kb4 h4 50. gxh4 f4 51. Nc4 Re6 52. Ra1 e3 53. Kc3 Ne5 54. Nxe5 Rxe5 55. Rf1 Rxb5 56. Rxf4 Re5 57. Rf1 Re4 58. Kd3 Rxh4 {[%emt 0:00:05] Ke4} 1/2-1/2

[Event "17th Aeroflot Open-A 2019"]
[Site "Moscow"]
[Date "2019.02.19"]
[Round "1.15"]
[White "Puranik, Abhimanyu"]
[Black "Anton Guijarro, David"]
[Result "*"]
[ECO "B30"]
[WhiteElo "2538"]
[BlackElo "2642"]
[Annotator "RC"]
[PlyCount "23"]
[EventDate "2019.02.19"]
[EventCountry "RUS"]
[SourceTitle "playchess.com"]
[Source "ChessBase"]
[SourceQuality "1"]
[TimeControl "40/5400+30:1800+30"]

1. e4 c5 2. Nf3 Nc6 3. d4 cxd4 4. Nxd4 Nf6 5. Nc3 d6 6. Bg5 e6 7. Qd2 a6 8. O-O-O Bd7 9. f3 Nxd4 10. Qxd4 h6 11. Bh4 Be7 12. f4 *

[Event "17th Aeroflot Open-A 2019"]
[Site "Moscow"]
[Date "2019.02.19"]
[Round "1.16"]
[White "Zvjaginsev, Vadim"]
[Black "Stupak, Kirill"]
[Result "*"]
[WhiteElo "2642"]
[BlackElo "2537"]
[Annotator "ChessBase"]
[PlyCount "21"]
[EventDate "2019.02.19"]
[EventCountry "RUS"]
[SourceTitle "playchess.com"]
[Source "ChessBase"]
[SourceQuality "1"]
[TimeControl "40/5400+30:1800+30"]

1. e4 e6 2. d3 d5 3. Nd2 c5 4. Ngf3 Nc6 5. g3 Nf6 6. Bg2 g6 7. exd5 Nxd5 8. h4 h6 9. O-O Bg7 10. Nb3 b6 11. c3 *

[Event "17th Aeroflot Open-A 2019"]
[Site "Moscow"]
[Date "2019.02.20"]
[Round "1.16"]
[White "Zvjaginsev, Vadim"]
[Black "Stupak, Kirill"]
[Result "1/2-1/2"]
[ECO "C00"]
[WhiteElo "2642"]
[BlackElo "2537"]
[Annotator "RC"]
[PlyCount "55"]
[EventDate "2019.02.19"]
[EventCountry "RUS"]
[SourceTitle "playchess.com"]
[Source "ChessBase"]
[SourceQuality "1"]
[TimeControl "40/5400+30:1800+30"]

1. e4 e6 2. c3 d5 3. e5 c5 4. f4 Nc6 5. Nf3 Nh6 6. Na3 Nf5 7. Nc2 Bd7 8. d4 cxd4 9. cxd4 Nb4 10. Nxb4 Bxb4+ 11. Kf2 Be7 12. Bd3 Qb6 13. Qb3 Qxb3 14. axb3 Bb4 15. Bxf5 exf5 16. Bd2 Be7 17. Rhc1 Bb5 18. Ba5 Ba6 19. Rc7 Bd8 20. Rc3 Be7 21. Rc7 Bd8 22. Rc2 Be7 23. Ke3 h6 24. Rc7 Bd8 25. Rc3 Be7 26. Rc7 Bd8 27. Rc2 Be7 28. Rc7 1/2-1/2

[Event "17th Aeroflot Open-A 2019"]
[Site "Moscow"]
[Date "2019.02.19"]
[Round "1.18"]
[White "Ganguly, Surya Shekhar"]
[Black "Praggnanandhaa R"]
[Result "*"]
[ECO "B20"]
[WhiteElo "2636"]
[BlackElo "2532"]
[Annotator "RC"]
[PlyCount "29"]
[EventDate "2019.02.19"]
[EventCountry "RUS"]
[SourceTitle "playchess.com"]
[Source "ChessBase"]
[SourceQuality "1"]
[TimeControl "40/5400+30:1800+30"]

1. e4 c5 2. Nf3 Nc6 3. Nc3 d6 4. d4 cxd4 5. Nxd4 Nf6 6. g3 g6 7. Nxc6 bxc6 8. Bg2 Bg7 9. e5 dxe5 10. Qxd8+ Kxd8 11. Bxc6 Rb8 12. Be3 Bb7 13. O-O-O+ Kc8 14. Bxb7+ Rxb7 15. f3 *

[Event "17th Aeroflot Open-A 2019"]
[Site "Moscow"]
[Date "2019.02.20"]
[Round "1.19"]
[White "Pourramezanali, Amirreza"]
[Black "Alekseenko, Kirill"]
[Result "0-1"]
[ECO "C54"]
[WhiteElo "2529"]
[BlackElo "2634"]
[Annotator "RC"]
[PlyCount "54"]
[EventDate "2019.02.19"]
[EventCountry "RUS"]
[SourceTitle "playchess.com"]
[Source "ChessBase"]
[SourceQuality "1"]
[TimeControl "40/5400+30:1800+30"]

1. e4 e5 2. Nf3 Nc6 3. Bc4 Bc5 4. c3 Nf6 5. d3 d6 6. O-O O-O 7. Nbd2 a5 8. a4 Ne7 9. Re1 Ng6 10. Nf1 c6 11. Ng3 d5 12. exd5 cxd5 13. Ba2 Bd6 14. Bg5 Be6 15. Nh4 Qd7 16. Bxf6 gxf6 17. Qh5 Kh8 18. Nhf5 Rg8 19. Nxd6 Qxd6 20. Qh6 Rac8 21. Nh5 Bg4 22. g3 Rc6 23. Bb3 Nh4 24. Bd1 Nf3+ 25. Bxf3 Bxf3 26. d4 Rg6 27. dxe5 fxe5 0-1

[Event "17th Aeroflot Open-A 2019"]
[Site "Moscow"]
[Date "2019.02.20"]
[Round "1.20"]
[White "Indjic, Aleksandar"]
[Black "Lobanov, Sergei"]
[Result "1-0"]
[ECO "E32"]
[WhiteElo "2630"]
[BlackElo "2526"]
[Annotator "RC"]
[PlyCount "67"]
[EventDate "2019.02.19"]
[EventCountry "RUS"]
[SourceTitle "playchess.com"]
[Source "ChessBase"]
[SourceQuality "1"]
[TimeControl "40/5400+30:1800+30"]

1. d4 Nf6 2. c4 e6 3. Nc3 Bb4 4. Qc2 O-O 5. Nf3 c5 6. dxc5 Na6 7. g3 Nxc5 8. Bg2 Nce4 9. O-O Nxc3 10. bxc3 Be7 11. e4 d6 12. e5 dxe5 13. Nxe5 Qc7 14. Qe2 Bd6 15. Bf4 Ne8 16. c5 Qxc5 17. c4 Qc7 18. c5 Qxc5 19. Rac1 Qa5 20. Rfd1 Be7 21. h4 Nf6 22. h5 Nd5 23. h6 Nxf4 24. gxf4 g6 25. Bh3 Bf6 26. Rd3 b6 27. Qe3 Bb7 28. Nd7 Bb2 29. Rc7 Ba6 30. Nxf8 Bxd3 31. Nxe6 Bf5 32. Ng5 Rf8 33. Rxf7 Bf6 34. Rxf6 1-0

[Event "17th Aeroflot Open-A 2019"]
[Site "Moscow"]
[Date "2019.02.19"]
[Round "1.27"]
[White "Liu, Yan"]
[Black "Van Foreest, Jorden"]
[Result "*"]
[ECO "A06"]
[WhiteElo "2498"]
[BlackElo "2618"]
[Annotator "ChessBase"]
[PlyCount "22"]
[EventDate "2019.02.19"]
[EventCountry "RUS"]
[SourceTitle "playchess.com"]
[Source "ChessBase"]
[SourceQuality "1"]
[TimeControl "40/5400+30:1800+30"]

1. Nf3 d5 2. e3 Nf6 3. c4 e6 4. b3 c5 5. Bb2 Nc6 6. cxd5 exd5 7. Be2 d4 8. Bb5 Bd6 9. Bxc6+ bxc6 10. Na3 O-O 11. Nc4 Re8 *

[Event "17th Aeroflot Open-A 2019"]
[Site "Moscow"]
[Date "2019.02.19"]
[Round "1.28"]
[White "Martirosyan, Haik M."]
[Black "Gagare, Shardul"]
[Result "*"]
[ECO "A40"]
[WhiteElo "2616"]
[BlackElo "2495"]
[Annotator "RC"]
[PlyCount "22"]
[EventDate "2019.02.19"]
[EventCountry "RUS"]
[SourceTitle "playchess.com"]
[Source "ChessBase"]
[SourceQuality "1"]
[TimeControl "40/5400+30:1800+30"]

1. d4 Nf6 2. Nf3 d5 3. c4 e6 4. Nc3 Be7 5. Bg5 h6 6. Bxf6 Bxf6 7. Rc1 O-O 8. e3 c6 9. Bd3 Nd7 10. O-O a6 11. b3 b5 *

[Event "17th Aeroflot Open-A 2019"]
[Site "Moscow"]
[Date "2019.02.20"]
[Round "1.29"]
[White "Karthik Venkataraman"]
[Black "Zhou, Jianchao"]
[Result "0-1"]
[ECO "A06"]
[WhiteElo "2494"]
[BlackElo "2615"]
[Annotator "RC"]
[PlyCount "80"]
[EventDate "2019.02.19"]
[EventCountry "RUS"]
[SourceTitle "playchess.com"]
[Source "ChessBase"]
[SourceQuality "1"]
[TimeControl "40/5400+30:1800+30"]

1. Nf3 d5 2. e3 Nf6 3. c4 e6 4. Nc3 Be7 5. b3 O-O 6. Bb2 dxc4 7. bxc4 c5 8. Qc2 b6 9. Be2 Bb7 10. a3 Nc6 11. h4 Qd7 12. Ng5 Rfd8 13. Rd1 Ne5 14. d3 h6 15. Nf3 Nxf3+ 16. gxf3 Ne8 17. h5 Bf6 18. Rg1 Qe7 19. f4 Nd6 20. Bg4 Bc6 21. Rd2 b5 22. cxb5 Nxb5 23. Nxb5 Bxb5 24. Bxf6 Qxf6 25. Qxc5 Rd5 26. Qb4 Bxd3 27. Bf3 Rb5 28. Qxb5 Qa1+ 29. Rd1 Qc3+ 30. Rd2 Bxb5 31. Bxa8 Qc1+ 32. Rd1 Qc3+ 33. Rd2 Qa1+ 34. Rd1 Qxa3 35. Rd8+ Kh7 36. Be4+ f5 37. Bf3 Qb4+ 38. Rd2 a5 39. Be2 Be8 40. Bd1 a4 0-1

[Event "17th Aeroflot Open-A 2019"]
[Site "Moscow"]
[Date "2019.02.19"]
[Round "1.29"]
[White "Karthik Venkataraman"]
[Black "Zhou, Jianchao"]
[Result "*"]
[ECO "B00"]
[WhiteElo "2494"]
[BlackElo "2615"]
[Annotator "RC"]
[PlyCount "25"]
[EventDate "2019.02.19"]
[EventCountry "RUS"]
[SourceTitle "playchess.com"]
[Source "ChessBase"]
[SourceQuality "1"]
[TimeControl "40/5400+30:1800+30"]

1. e4 c5 2. Nf3 d6 3. d4 cxd4 4. Nxd4 Nf6 5. Nc3 a6 6. Bg5 Nbd7 7. Bc4 Qb6 8. O-O Qc5 9. Bd5 e6 10. Re1 Ne5 11. Bb3 Be7 12. Qd2 O-O 13. Rad1 *

[Event "17th Aeroflot Open-A 2019"]
[Site "Moscow"]
[Date "2019.02.20"]
[Round "1.31"]
[White "Henderson de La Fuente, Lance"]
[Black "Goganov, Aleksey"]
[Result "1/2-1/2"]
[ECO "C67"]
[WhiteElo "2490"]
[BlackElo "2612"]
[Annotator "RC"]
[PlyCount "60"]
[EventDate "2019.02.19"]
[EventCountry "RUS"]
[SourceTitle "playchess.com"]
[Source "ChessBase"]
[SourceQuality "1"]
[TimeControl "40/5400+30:1800+30"]

1. e4 e5 2. Nf3 Nc6 3. Bb5 Nf6 4. O-O Nxe4 5. Re1 Nd6 6. Nxe5 Be7 7. Bf1 Nxe5 8. Rxe5 O-O 9. d4 Bf6 10. Re1 Re8 11. Bf4 Rxe1 12. Qxe1 Ne8 13. Qe3 d5 14. Nd2 Bf5 15. c3 Nd6 16. Re1 Qd7 17. Qg3 Re8 18. Rxe8+ Nxe8 19. b3 Be7 20. h4 c6 21. h5 Nf6 22. Be2 Qe6 23. h6 g6 24. Be3 Bd6 25. Qh4 Bf8 26. Qg3 Bd6 27. Qh4 Bf8 28. Qh2 Bd6 29. Qh4 Bf8 30. Qh2 Bd6 1/2-1/2

[Event "17th Aeroflot Open-A 2019"]
[Site "Moscow"]
[Date "2019.02.19"]
[Round "1.32"]
[White "Lupulescu, Constantin"]
[Black "Sargsyan, Shant"]
[Result "*"]
[ECO "A40"]
[WhiteElo "2610"]
[BlackElo "2488"]
[Annotator "RC"]
[PlyCount "26"]
[EventDate "2019.02.19"]
[EventCountry "RUS"]
[SourceTitle "playchess.com"]
[Source "ChessBase"]
[SourceQuality "1"]
[TimeControl "40/5400+30:1800+30"]

1. d4 Nf6 2. c4 e6 3. Nf3 d5 4. Nc3 Bb4 5. cxd5 exd5 6. Bg5 h6 7. Bh4 O-O 8. e3 Bf5 9. Qb3 Bxc3+ 10. Qxc3 Nbd7 11. Be2 c6 12. Qa3 Qb6 13. Nd2 a5 *

[Event "17th Aeroflot Open-A 2019"]
[Site "Moscow"]
[Date "2019.02.19"]
[Round "1.33"]
[White "Tahbaz, Arash"]
[Black "Idani, Pouya"]
[Result "*"]
[ECO "B51"]
[WhiteElo "2484"]
[BlackElo "2604"]
[Annotator "RC"]
[PlyCount "24"]
[EventDate "2019.02.19"]
[EventCountry "RUS"]
[SourceTitle "playchess.com"]
[Source "ChessBase"]
[SourceQuality "1"]
[TimeControl "40/5400+30:1800+30"]

1. e4 c5 2. Nf3 d6 3. Bb5+ Nc6 4. O-O Bd7 5. Re1 Nf6 6. c3 a6 7. Bf1 Bg4 8. h3 Bxf3 9. Qxf3 e6 10. d3 Be7 11. Nd2 O-O 12. Qe2 Nd7 *

[Event "17th Aeroflot Open-A 2019"]
[Site "Moscow"]
[Date "2019.02.19"]
[Round "1.34"]
[White "Jumabayev, Rinat"]
[Black "Iniyan, P."]
[Result "*"]
[ECO "A05"]
[WhiteElo "2604"]
[BlackElo "2480"]
[Annotator "ChessBase"]
[PlyCount "31"]
[EventDate "2019.02.19"]
[EventCountry "RUS"]
[SourceTitle "playchess.com"]
[Source "ChessBase"]
[SourceQuality "1"]
[TimeControl "40/5400+30:1800+30"]

1. Nf3 Nf6 2. g3 g6 3. Bg2 Bg7 4. d4 d6 5. c4 O-O 6. Nc3 Nc6 7. O-O Bg4 8. h3 Bxf3 9. Bxf3 Nd7 10. e3 e5 11. d5 Ne7 12. e4 f5 13. exf5 gxf5 14. Bg2 Ng6 15. Rb1 e4 16. Ne2 *

[Event "17th Aeroflot Open-A 2019"]
[Site "Moscow"]
[Date "2019.02.20"]
[Round "1.34"]
[White "Jumabayev, Rinat"]
[Black "Iniyan, P."]
[Result "1/2-1/2"]
[ECO "B50"]
[WhiteElo "2604"]
[BlackElo "2480"]
[Annotator "RC"]
[PlyCount "100"]
[EventDate "2019.02.19"]
[EventCountry "RUS"]
[SourceTitle "playchess.com"]
[Source "ChessBase"]
[SourceQuality "1"]
[TimeControl "40/5400+30:1800+30"]

1. e4 c5 2. Nf3 d6 3. Bc4 Nf6 4. d3 e6 5. Bb3 a6 6. c3 Nbd7 7. O-O b5 8. Re1 Bb7 9. Nbd2 Be7 10. Nf1 c4 11. dxc4 Nxe4 12. cxb5 axb5 13. Nd4 O-O 14. Bc2 Ndf6 15. Nxb5 Qb6 16. Nd4 e5 17. Ng3 Nxg3 18. hxg3 exd4 19. Rxe7 dxc3 20. bxc3 Qc6 21. Qf3 Qxf3 22. gxf3 Bxf3 23. Re3 Bd5 24. a4 Rfc8 25. Ba3 Ng4 26. Re2 Bf3 27. Rd2 Rxc3 28. Bxd6 Rac8 29. Re1 Nf6 30. Rd3 Rxc2 31. Rxf3 Ra2 32. Ra3 Rcc2 33. Ra1 Rxa1+ 34. Rxa1 Ne4 35. Bb8 Nc5 36. a5 Na6 37. Ba7 h6 38. Kg2 Kf8 39. Kf3 Ke7 40. Bd4 g6 41. Rb1 Ra2 42. Ra1 Rxa1 43. Bxa1 Kd6 44. Bg7 h5 45. Kf4 Kd5 46. Kg5 Nc5 47. Kf6 Ne4+ 48. Kxf7 Nxf2 49. Kxg6 Ne4 50. Kxh5 Nxg3+ 1/2-1/2

[Event "17th Aeroflot Open-A 2019"]
[Site "Moscow"]
[Date "2019.02.20"]
[Round "1.36"]
[White "Esipenko, Andrey"]
[Black "Dai, Changren"]
[Result "1-0"]
[ECO "D31"]
[WhiteElo "2603"]
[BlackElo "2473"]
[Annotator "RC"]
[PlyCount "59"]
[EventDate "2019.02.19"]
[EventCountry "RUS"]
[SourceTitle "playchess.com"]
[Source "ChessBase"]
[SourceQuality "1"]
[TimeControl "40/5400+30:1800+30"]

1. d4 d5 2. c4 e6 3. Nc3 Be7 4. Nf3 Nf6 5. Bg5 h6 6. Bf4 O-O 7. e3 Nbd7 8. g4 dxc4 9. Bxc4 c5 10. g5 hxg5 11. Bxg5 cxd4 12. exd4 b5 13. Bxb5 Nd5 14. Rg1 Bxg5 15. Nxg5 Nxc3 16. bxc3 Qa5 17. Qd3 Nf6 18. a4 Bb7 19. Qg3 Nh5 20. Qd3 Nf6 21. Qg3 Nh5 22. Qh3 g6 23. Rc1 Ba6 24. Ne4 Bb7 25. Nc5 Nf4 26. Qg3 Qc7 27. Nxb7 a6 28. Be2 e5 29. Nc5 Rfe8 30. Nd3 1-0